2267 views
Uploaded 2022-07-19 00:46:20
Game version 1.32.10
28:17 long 3on3 ladder game on (6)RuinsOfStratholme
Saved by GIGA
2267 views
Uploaded 2022-07-19 00:46:20
Game version 1.32.10
28:17 long 3on3 ladder game on (6)RuinsOfStratholme


133 units @ 18.6k
/ 1.9k
113 buildings @ 13.8k
/ 6k

| Orb of Corruption | 1 | 375 |
| Potion of Healing | 1 | 150 |
| Scroll of Town Portal | 3 | 1050 |
| Dust of Appearance | 1 | 75 |
| Scroll of Healing | 2 | 500 |
| total: | 8 | 2150g |
| Acolyte | 17 | 1275 | / | 0 |
| Ghoul | 23 | 2760 | / | 0 |
| Gargoyle | 7 | 1225 | / | 210 |
| Necromancer | 5 | 725 | / | 100 |
| Meat Wagon | 7 | 1610 | / | 350 |
| Obsidian Statue | 2 | 400 | / | 70 |
| Banshee | 3 | 465 | / | 90 |
| total: | 64 | 8460g | / | 820w |
| Nerubian Tower | 2 | 200 | / | 40 |
| Spirit Tower | 5 | 725 | / | 200 |
| Crypt | 1 | 200 | / | 50 |
| Altar of Darkness | 1 | 180 | / | 50 |
| Ziggurat | 12 | 1800 | / | 600 |
| Graveyard | 2 | 430 | / | 0 |
| Tomb of Relics | 1 | 130 | / | 30 |
| Necropolis | 5 | 1125 | / | 0 |
| Temple of the Damned | 2 | 310 | / | 280 |
| Slaughterhouse | 1 | 140 | / | 135 |
| Sacrificial Pit | 1 | 75 | / | 150 |
| Halls of the Dead | 1 | 320 | / | 210 |
| Black Citadel | 1 | 325 | / | 230 |
| total: | 26 | 4390g | / | 1295w |
| 0:02 | Acolyte |
| 0:09 | Crypt |
| 0:11 | Altar of Darkness |
| 0:24 | Ziggurat |
| 0:31 | Acolyte |
| 0:31 | Acolyte |
| 0:31 | Acolyte |
| 0:31 | Acolyte |
| 1:02 | Graveyard |
| 1:06 | Graveyard |
| 1:10 | Ghoul |
| 1:10 | Ghoul |
| 1:10 | Ghoul |
| 1:10 | Ghoul |
| 1:10 | Ghoul |
| 1:25 | Ghoul |
| 1:39 | Ziggurat |
| 1:50 | Ghoul |
| 2:06 | Ghoul |
| 2:17 | Sleep |
| 2:24 | Tomb of Relics |
| 2:30 | Ghoul |
| 2:38 | Nerubian Tower |
| 2:55 | Ghoul |
| 3:15 | Ghoul |
| 3:16 | Acolyte |
| 3:21 | Vampiric Aura |
| 3:46 | Ghoul |
| 3:59 | Ghoul |
| 4:24 | Necropolis |
| 4:30 | Carrion Swarm |
| 5:11 | Halls of the Dead |
| 5:30 | Unholy Strength |
| 5:32 | Cannibalize |
| 6:13 | Acolyte |
| 6:13 | Acolyte |
| 6:13 | Acolyte |
| 6:15 | Ziggurat |
| 6:16 | Acolyte |
| 6:21 | Ghoul |
| 6:39 | Unholy Armor |
| 6:41 | Ghoul |
| 6:51 | Ghoul |
| 7:17 | Ghoul |
| 7:20 | Ziggurat |
| 7:37 | Ghoul |
| 7:40 | Temple of the Damned |
| 7:55 | Ghoul |
| 7:56 | Slaughterhouse |
| 7:59 | Ghoul |
| 8:08 | Gargoyle |
| 8:33 | Spirit Tower |
| 8:35 | Spirit Tower |
| 8:37 | Ghoul |
| 9:11 | Gargoyle |
| 9:15 | Necromancer |
| 9:17 | Exhume Corpses |
| 9:45 | Meat Wagon |
| 10:09 | Necromancer Adept Training |
| 10:10 | Black Citadel |
| 10:11 | Ghoul |
| 11:01 | Gargoyle |
| 11:04 | Skeletal Mastery |
| 11:07 | Obsidian Statue |
| 11:07 | Ghoul |
| 11:10 | Improved Unholy Strength |
| 11:20 | Ziggurat |
| 11:25 | Ziggurat |
| 11:40 | Carrion Swarm |
| 11:44 | Necromancer |
| 11:48 | Gargoyle |
| 11:55 | Temple of the Damned |
| 12:12 | Nerubian Tower |
| 12:13 | Acolyte |
| 12:27 | Sacrificial Pit |
| 12:36 | Meat Wagon |
| 12:37 | Necromancer Master Training |
| 12:48 | Scroll of Town Portal |
| 12:48 | Orb of Corruption |
| 12:53 | Dust of Appearance |
| 12:54 | Potion of Healing |
| 13:03 | Acolyte |
| 13:05 | Improved Unholy Armor |
| 13:08 | Disease Cloud |
| 13:10 | Necromancer |
| 13:12 | Necromancer |
| 13:26 | Banshee |
| 13:27 | Banshee Adept Training |
| 13:31 | Ghoul Frenzy |
| 13:34 | Acolyte |
| 13:35 | Ziggurat |
| 13:36 | Spirit Tower |
| 14:19 | Meat Wagon |
| 14:20 | Banshee |
| 14:21 | Necromancer |
| 14:24 | Advanced Unholy Strength |
| 15:46 | Meat Wagon |
| 16:18 | Advanced Unholy Armor |
| 16:22 | Banshee Master Training |
| 16:24 | Banshee |
| 16:25 | Stone Form |
| 16:25 | Gargoyle |
| 17:44 | Carrion Swarm |
| 17:45 | Carrion Swarm |
| 17:55 | Meat Wagon |
| 17:58 | Gargoyle |
| 17:58 | Gargoyle |
| 18:16 | Destroyer Form |
| 18:44 | Inferno |
| 18:59 | Acolyte |
| 19:10 | Meat Wagon |
| 19:11 | Creature Attack |
| 19:21 | Spirit Tower |
| 20:10 | Necropolis |
| 20:36 | Scroll of Town Portal |
| 20:37 | Scroll of Healing |
| 20:46 | Ziggurat |
| 20:47 | Ziggurat |
| 20:49 | Ziggurat |
| 20:53 | Ziggurat |
| 20:57 | Ziggurat |
| 21:07 | Creature Carapace |
| 22:04 | Obsidian Statue |
| 22:07 | Spirit Tower |
| 23:08 | Acolyte |
| 23:20 | Acolyte |
| 23:20 | Acolyte |
| 23:32 | Necropolis |
| 23:44 | Necropolis |
| 23:47 | Necropolis |
| 24:07 | Meat Wagon |
| 24:09 | Scroll of Town Portal |
| 24:11 | Scroll of Healing |
| Right click | 1239 |
| Select group | 579 |
| Select | 537 |
| Build/train/purchase | 202 |
| Misc. action | 106 |
| Assign group | 44 |
| Chat | 41 |
| Use ability | 34 |
| Minimap ping | 15 |
| Item give/drop | 7 |
| Resource trade | 5 |
| Remove unit | 2 |
| Esc | 1 |


| Lesser Clarity Potion | 6 | 420 |
| total: | 6 | 420g |
| Peasant | 15 | 1125 | / | 0 |
| Footman | 6 | 810 | / | 0 |
| Gryphon Rider | 4 | 1120 | / | 280 |
| Rifleman | 8 | 1640 | / | 240 |
| Mortar Team | 3 | 540 | / | 210 |
| total: | 36 | 5235g | / | 730w |
| Scout Tower | 23 | 690 | / | 460 |
| Arcane Tower | 9 | 630 | / | 450 |
| Guard Tower | 8 | 560 | / | 400 |
| Altar of Kings | 1 | 180 | / | 50 |
| Farm | 16 | 1280 | / | 320 |
| Arcane Vault | 1 | 130 | / | 30 |
| Barracks | 2 | 320 | / | 120 |
| Lumber Mill | 2 | 240 | / | 0 |
| Town Hall | 1 | 385 | / | 205 |
| Blacksmith | 1 | 140 | / | 60 |
| Gryphon Aviary | 2 | 280 | / | 300 |
| Arcane Sanctum | 1 | 150 | / | 140 |
| Workshop | 5 | 700 | / | 700 |
| Keep | 1 | 320 | / | 210 |
| Castle | 1 | 360 | / | 210 |
| total: | 55 | 4495g | / | 2385w |
| 0:04 | Peasant |
| 0:04 | Peasant |
| 0:04 | Peasant |
| 0:09 | Altar of Kings |
| 0:12 | Peasant |
| 0:20 | Farm |
| 0:26 | Peasant |
| 0:43 | Peasant |
| 0:57 | Farm |
| 1:01 | Peasant |
| 1:05 | Scout Tower |
| 1:24 | Farm |
| 1:28 | Peasant |
| 1:30 | Peasant |
| 1:31 | Peasant |
| 1:33 | Arcane Tower |
| 1:47 | Peasant |
| 1:59 | Scout Tower |
| 2:01 | Farm |
| 2:06 | Arcane Vault |
| 2:11 | Flame Strike |
| 2:18 | Peasant |
| 2:19 | Peasant |
| 2:29 | Peasant |
| 2:58 | Arcane Tower |
| 3:16 | Barracks |
| 3:17 | Barracks |
| 3:30 | Lesser Clarity Potion |
| 3:30 | Lesser Clarity Potion |
| 4:23 | Footman |
| 4:37 | Footman |
| 4:47 | Defend |
| 5:03 | Scout Tower |
| 5:04 | Scout Tower |
| 5:07 | Scout Tower |
| 5:11 | Scout Tower |
| 5:12 | Scout Tower |
| 5:19 | Scout Tower |
| 5:29 | Keep |
| 5:33 | Footman |
| 5:41 | Arcane Tower |
| 5:54 | Lumber Mill |
| 5:56 | Lumber Mill |
| 6:02 | Arcane Tower |
| 6:09 | Arcane Tower |
| 6:30 | Guard Tower |
| 6:33 | Footman |
| 6:34 | Footman |
| 6:34 | Footman |
| 6:58 | Scout Tower |
| 7:02 | Scout Tower |
| 7:04 | Scout Tower |
| 7:06 | Farm |
| 7:07 | Farm |
| 7:46 | Farm |
| 7:58 | Castle |
| 9:08 | Gryphon Aviary |
| 9:09 | Gryphon Aviary |
| 10:31 | Gryphon Rider |
| 10:49 | Siphon Mana |
| 11:29 | Gryphon Rider |
| 11:32 | Storm Hammers |
| 11:37 | Farm |
| 11:40 | Farm |
| 11:41 | Farm |
| 11:43 | Farm |
| 11:46 | Farm |
| 11:48 | Farm |
| 11:51 | Holy Light |
| 11:56 | Lesser Clarity Potion |
| 11:56 | Lesser Clarity Potion |
| 11:56 | Lesser Clarity Potion |
| 12:27 | Gryphon Rider |
| 13:02 | Arcane Sanctum |
| 13:14 | Farm |
| 13:29 | Town Hall |
| 13:33 | Scout Tower |
| 13:35 | Scout Tower |
| 14:20 | Devotion Aura |
| 14:25 | Flame Strike |
| 14:34 | Gryphon Rider |
| 14:37 | Magic Sentry |
| 14:48 | Farm |
| 14:54 | Arcane Tower |
| 14:55 | Guard Tower |
| 14:57 | Scout Tower |
| 14:59 | Scout Tower |
| 15:00 | Scout Tower |
| 15:00 | Scout Tower |
| 15:00 | Scout Tower |
| 15:01 | Scout Tower |
| 15:02 | Scout Tower |
| 15:02 | Scout Tower |
| 15:03 | Scout Tower |
| 15:04 | Scout Tower |
| 15:10 | Peasant |
| 16:33 | Holy Light |
| 16:48 | Arcane Tower |
| 16:49 | Guard Tower |
| 16:49 | Arcane Tower |
| 17:43 | Arcane Tower |
| 17:46 | Guard Tower |
| 19:47 | Blacksmith |
| 20:36 | Workshop |
| 20:38 | Workshop |
| 20:39 | Workshop |
| 20:40 | Workshop |
| 20:41 | Workshop |
| 20:47 | Improved Masonry |
| 20:47 | Improved Lumber Harvesting |
| 20:52 | Rifleman |
| 20:52 | Rifleman |
| 20:53 | Rifleman |
| 20:53 | Rifleman |
| 20:53 | Rifleman |
| 20:54 | Rifleman |
| 20:54 | Rifleman |
| 20:54 | Rifleman |
| 22:04 | Mortar Team |
| 22:08 | Mortar Team |
| 22:46 | Fragmentation Shards |
| 22:47 | Flare |
| 22:50 | Mortar Team |
| 23:12 | Guard Tower |
| 23:14 | Guard Tower |
| 23:37 | Long Rifles |
| 23:55 | Guard Tower |
| 23:59 | Guard Tower |
| 24:10 | Lesser Clarity Potion |
| 24:40 | Farm |
| Right click | 688 |
| Select | 429 |
| Select group | 274 |
| Build/train/purchase | 104 |
| Misc. action | 64 |
| Use ability | 34 |
| Minimap ping | 27 |
| Assign group | 18 |
| Esc | 6 |


| Boots of Speed | 1 | 250 |
| total: | 1 | 250g |
| Peon | 13 | 975 | / | 0 |
| Grunt | 6 | 1200 | / | 0 |
| Troll Headhunter | 7 | 980 | / | 140 |
| Wind Rider | 6 | 1590 | / | 240 |
| Troll Berserker | 1 | 140 | / | 20 |
| total: | 33 | 4885g | / | 400w |
| Watch Tower | 15 | 1650 | / | 1200 |
| Altar of Storms | 1 | 180 | / | 50 |
| Orc Burrow | 9 | 1440 | / | 360 |
| Barracks | 2 | 360 | / | 100 |
| War Mill | 1 | 205 | / | 0 |
| Great Hall | 2 | 770 | / | 370 |
| Beastiary | 2 | 290 | / | 280 |
| Stronghold | 1 | 315 | / | 190 |
| Fortress | 1 | 325 | / | 190 |
| total: | 32 | 4895g | / | 2360w |
| 0:05 | Altar of Storms |
| 0:07 | Orc Burrow |
| 0:09 | Peon |
| 0:09 | Peon |
| 0:20 | Peon |
| 0:45 | Peon |
| 0:57 | Barracks |
| 1:37 | Orc Burrow |
| 2:04 | Grunt |
| 2:16 | Feral Spirit |
| 2:31 | War Mill |
| 2:38 | Grunt |
| 2:43 | Grunt |
| 3:10 | Peon |
| 3:42 | Grunt |
| 3:53 | Watch Tower |
| 4:05 | Watch Tower |
| 4:15 | Orc Burrow |
| 4:17 | Troll Headhunter |
| 4:17 | Troll Headhunter |
| 5:13 | Watch Tower |
| 5:36 | Grunt |
| 5:37 | Grunt |
| 5:41 | Watch Tower |
| 6:12 | Peon |
| 6:12 | Peon |
| 6:12 | Peon |
| 6:41 | Watch Tower |
| 6:52 | Orc Burrow |
| 7:01 | Steel Melee Weapons |
| 7:57 | Stronghold |
| 8:00 | Troll Headhunter |
| 8:01 | Troll Headhunter |
| 9:27 | Watch Tower |
| 10:36 | Beastiary |
| 10:41 | Beastiary |
| 10:46 | Peon |
| 11:07 | Watch Tower |
| 11:30 | Chain Lighting |
| 11:52 | Orc Burrow |
| 12:02 | Great Hall |
| 12:18 | Watch Tower |
| 12:25 | Wind Rider |
| 13:16 | Chain Lighting |
| 13:34 | Boots of Speed |
| 13:44 | Wind Rider |
| 13:53 | Watch Tower |
| 13:56 | Orc Burrow |
| 14:41 | Wind Rider |
| 14:49 | Orc Burrow |
| 14:55 | Orc Burrow |
| 14:59 | Steel Ranged Weapons |
| 15:12 | Watch Tower |
| 15:20 | Orc Burrow |
| 16:32 | Endurance Aura |
| 16:39 | Wind Rider |
| 16:53 | Watch Tower |
| 16:56 | Watch Tower |
| 17:00 | Watch Tower |
| 18:38 | Wind Rider |
| 18:40 | Wind Rider |
| 19:58 | Barracks |
| 20:02 | Peon |
| 20:02 | Peon |
| 20:03 | Peon |
| 20:44 | Watch Tower |
| 21:05 | Troll Headhunter |
| 21:09 | Fortress |
| 21:39 | Great Hall |
| 21:51 | Watch Tower |
| 22:43 | Troll Headhunter |
| 22:47 | Troll Headhunter |
| 23:53 | Peon |
| 24:01 | Feral Spirit |
| 24:08 | War Stomp |
| 24:27 | Berserker Upgrade |
| 25:18 | Troll Berserker |
| Right click | 341 |
| Select | 278 |
| Build/train/purchase | 51 |
| Minimap ping | 10 |
| Resource trade | 5 |
| Item give/drop | 2 |
| Esc | 2 |
| Use ability | 1 |
88 units @ 8k
/ 1.2k
126 buildings @ 9.6k
/ 4.5k
DudeWhy
(236)
(28:13) : 

| Peasant | 29 | 2175 | / | 0 |
| Mortar Team | 4 | 720 | / | 280 |
| Flying Machine | 26 | 2600 | / | 780 |
| total: | 59 | 5495g | / | 1060w |
| Scout Tower | 36 | 1080 | / | 720 |
| Guard Tower | 7 | 490 | / | 350 |
| Arcane Tower | 3 | 210 | / | 150 |
| Farm | 13 | 1040 | / | 260 |
| Altar of Kings | 2 | 360 | / | 100 |
| Lumber Mill | 1 | 120 | / | 0 |
| Town Hall | 1 | 385 | / | 205 |
| Blacksmith | 1 | 140 | / | 60 |
| Arcane Vault | 1 | 130 | / | 30 |
| Workshop | 2 | 280 | / | 280 |
| Gryphon Aviary | 1 | 140 | / | 150 |
| Keep | 1 | 320 | / | 210 |
| Castle | 1 | 360 | / | 210 |
| total: | 58 | 3675g | / | 1805w |
| 0:02 | Peasant |
| 0:17 | Farm |
| 0:19 | Altar of Kings |
| 0:20 | Peasant |
| 0:21 | Peasant |
| 0:36 | Farm |
| 0:52 | Peasant |
| 0:54 | Lumber Mill |
| 0:55 | Peasant |
| 1:08 | Farm |
| 1:09 | Farm |
| 1:12 | Peasant |
| 1:25 | Peasant |
| 1:39 | Scout Tower |
| 1:42 | Peasant |
| 1:55 | Improved Lumber Harvesting |
| 1:56 | Peasant |
| 2:17 | Storm Bolt |
| 2:26 | Guard Tower |
| 2:28 | Peasant |
| 2:30 | Peasant |
| 3:20 | Scout Tower |
| 3:21 | Scout Tower |
| 3:22 | Peasant |
| 3:22 | Peasant |
| 3:24 | Scout Tower |
| 3:25 | Peasant |
| 3:25 | Peasant |
| 3:36 | Town Hall |
| 3:39 | Scout Tower |
| 3:51 | Peasant |
| 3:52 | Arcane Tower |
| 3:55 | Arcane Tower |
| 4:17 | Bash |
| 4:24 | Arcane Tower |
| 4:29 | Peasant |
| 4:52 | Peasant |
| 4:55 | Improved Masonry |
| 4:59 | Keep |
| 5:05 | Scout Tower |
| 5:06 | Scout Tower |
| 5:07 | Scout Tower |
| 5:07 | Scout Tower |
| 5:08 | Scout Tower |
| 5:09 | Scout Tower |
| 5:09 | Scout Tower |
| 5:17 | Peasant |
| 6:12 | Guard Tower |
| 6:14 | Scout Tower |
| 6:14 | Scout Tower |
| 6:15 | Scout Tower |
| 6:15 | Scout Tower |
| 6:19 | Scout Tower |
| 6:19 | Scout Tower |
| 6:20 | Scout Tower |
| 7:25 | Castle |
| 7:30 | Guard Tower |
| 7:31 | Scout Tower |
| 7:32 | Scout Tower |
| 7:32 | Scout Tower |
| 7:41 | Scout Tower |
| 7:42 | Scout Tower |
| 7:42 | Scout Tower |
| 7:43 | Scout Tower |
| 7:43 | Scout Tower |
| 7:45 | Scout Tower |
| 7:48 | Scout Tower |
| 7:52 | Scout Tower |
| 7:54 | Scout Tower |
| 8:03 | Advanced Lumber Harvesting |
| 8:03 | Advanced Masonry |
| 8:46 | Guard Tower |
| 8:49 | Scout Tower |
| 8:57 | Blacksmith |
| 9:14 | Scout Tower |
| 9:16 | Guard Tower |
| 9:59 | Guard Tower |
| 10:11 | Workshop |
| 10:13 | Workshop |
| 10:17 | Black Gunpowder |
| 10:18 | Peasant |
| 10:19 | Peasant |
| 10:28 | Peasant |
| 10:54 | Flak Cannons |
| 10:54 | Flare |
| 10:54 | Flying Machine Bombs |
| 10:54 | Fragmentation Shards |
| 11:29 | Refined Gunpowder |
| 11:42 | Holy Light |
| 12:10 | Storm Bolt |
| 12:31 | Farm |
| 12:32 | Farm |
| 12:34 | Farm |
| 12:37 | Farm |
| 12:38 | Farm |
| 13:04 | Imbued Gunpowder |
| 13:04 | Iron Plating |
| 13:15 | Mortar Team |
| 13:17 | Mortar Team |
| 13:19 | Peasant |
| 13:19 | Peasant |
| 13:48 | Guard Tower |
| 13:50 | Scout Tower |
| 13:51 | Scout Tower |
| 13:52 | Scout Tower |
| 14:46 | Flying Machine |
| 14:46 | Flying Machine |
| 14:46 | Flying Machine |
| 14:47 | Flying Machine |
| 14:47 | Flying Machine |
| 14:47 | Flying Machine |
| 14:47 | Flying Machine |
| 14:52 | Farm |
| 14:53 | Farm |
| 14:55 | Farm |
| 14:56 | Farm |
| 15:22 | Flying Machine |
| 15:22 | Flying Machine |
| 16:06 | Flying Machine |
| 16:06 | Flying Machine |
| 16:12 | Gryphon Aviary |
| 16:18 | Arcane Vault |
| 17:03 | Flying Machine |
| 17:03 | Flying Machine |
| 17:04 | Flying Machine |
| 17:04 | Flying Machine |
| 17:05 | Flying Machine |
| 18:09 | Divine Shield |
| 18:36 | Flying Machine |
| 18:36 | Flying Machine |
| 18:36 | Flying Machine |
| 18:37 | Flying Machine |
| 18:37 | Flying Machine |
| 18:37 | Flying Machine |
| 19:05 | Storm Bolt |
| 19:56 | Mortar Team |
| 20:55 | Bash |
| 22:46 | Altar of Kings |
| 24:14 | Peasant |
| 24:15 | Peasant |
| 24:15 | Peasant |
| 24:17 | Peasant |
| 24:18 | Peasant |
| 24:23 | Flying Machine |
| 24:23 | Flying Machine |
| 24:23 | Flying Machine |
| 24:24 | Flying Machine |
| 25:48 | Mortar Team |
| Right click | 1255 |
| Select group | 356 |
| Select | 333 |
| Build/train/purchase | 107 |
| Misc. action | 94 |
| Use ability | 46 |
| Assign group | 14 |
| Resource trade | 11 |
| Esc | 10 |
| Item give/drop | 3 |
| Minimap ping | 3 |


| Peasant | 13 | 975 | / | 0 |
| total: | 13 | 975g | / | 0w |
| Scout Tower | 36 | 1080 | / | 720 |
| Arcane Tower | 6 | 420 | / | 300 |
| Guard Tower | 8 | 560 | / | 400 |
| Altar of Kings | 2 | 360 | / | 100 |
| Farm | 6 | 480 | / | 120 |
| Lumber Mill | 2 | 240 | / | 0 |
| Town Hall | 1 | 385 | / | 205 |
| Blacksmith | 1 | 140 | / | 60 |
| Arcane Vault | 1 | 130 | / | 30 |
| Gryphon Aviary | 1 | 140 | / | 150 |
| Keep | 2 | 640 | / | 420 |
| Castle | 1 | 360 | / | 210 |
| total: | 50 | 2955g | / | 1385w |
| 0:03 | Peasant |
| 0:04 | Peasant |
| 0:10 | Altar of Kings |
| 0:18 | Farm |
| 0:26 | Peasant |
| 0:39 | Farm |
| 0:52 | Peasant |
| 0:52 | Peasant |
| 0:57 | Lumber Mill |
| 1:03 | Scout Tower |
| 1:17 | Farm |
| 1:24 | Peasant |
| 1:25 | Peasant |
| 1:25 | Peasant |
| 1:34 | Scout Tower |
| 1:54 | Arcane Tower |
| 2:00 | Improved Lumber Harvesting |
| 2:43 | Guard Tower |
| 2:57 | Storm Bolt |
| 3:09 | Peasant |
| 3:10 | Peasant |
| 3:10 | Peasant |
| 3:10 | Peasant |
| 3:10 | Peasant |
| 3:23 | Scout Tower |
| 3:41 | Scout Tower |
| 3:42 | Scout Tower |
| 3:44 | Scout Tower |
| 3:45 | Scout Tower |
| 4:23 | Guard Tower |
| 4:37 | Keep |
| 4:43 | Scout Tower |
| 4:46 | Scout Tower |
| 4:53 | Scout Tower |
| 4:58 | Scout Tower |
| 5:03 | Scout Tower |
| 5:04 | Scout Tower |
| 5:06 | Scout Tower |
| 5:07 | Scout Tower |
| 5:07 | Scout Tower |
| 5:08 | Scout Tower |
| 5:10 | Scout Tower |
| 5:11 | Scout Tower |
| 5:12 | Scout Tower |
| 5:16 | Guard Tower |
| 5:31 | Guard Tower |
| 7:36 | Altar of Kings |
| 8:44 | Lumber Mill |
| 8:47 | Arcane Tower |
| 8:48 | Arcane Tower |
| 9:09 | Town Hall |
| 9:21 | Arcane Tower |
| 9:30 | Scout Tower |
| 9:31 | Scout Tower |
| 9:37 | Scout Tower |
| 9:38 | Scout Tower |
| 9:39 | Scout Tower |
| 9:40 | Scout Tower |
| 9:40 | Scout Tower |
| 9:49 | Scout Tower |
| 10:08 | Guard Tower |
| 10:13 | Improved Masonry |
| 10:17 | Guard Tower |
| 10:22 | Scout Tower |
| 10:23 | Scout Tower |
| 10:33 | Scout Tower |
| 10:34 | Scout Tower |
| 10:58 | Arcane Tower |
| 11:37 | Keep |
| 11:43 | Arcane Tower |
| 12:07 | Scout Tower |
| 12:13 | Farm |
| 12:25 | Farm |
| 12:54 | Guard Tower |
| 13:06 | Farm |
| 13:10 | Blacksmith |
| 13:17 | Bash |
| 13:25 | Scout Tower |
| 13:26 | Scout Tower |
| 13:27 | Scout Tower |
| 14:13 | Advanced Masonry |
| 14:15 | Castle |
| 14:21 | Gryphon Aviary |
| 15:08 | Holy Light |
| 16:34 | Arcane Vault |
| 16:42 | Imbued Masonry |
| 22:02 | Divine Shield |
| 25:56 | Bash |
| 26:11 | Guard Tower |
| Right click | 1428 |
| Select group | 929 |
| Select | 310 |
| Build/train/purchase | 55 |
| Chat | 19 |
| Assign group | 13 |
| Resource trade | 11 |
| Minimap ping | 8 |
| Use ability | 6 |
| Esc | 2 |
| Misc. action | 1 |
Cabeelibob
(194)
(28:13) : 
| Healing Salve | 2 | 200 |
| Lesser Clarity Potion | 1 | 70 |
| Tiny Great Hall | 1 | 600 |
| Orb of Lightning | 1 | 375 |
| Boots of Speed | 3 | 750 |
| Staff of Teleportation | 1 | 150 |
| total: | 9 | 2145g |
| Peon | 11 | 825 | / | 0 |
| Troll Witch Doctor | 5 | 725 | / | 125 |
| total: | 16 | 1550g | / | 125w |
| Watch Tower | 7 | 770 | / | 560 |
| Altar of Storms | 1 | 180 | / | 50 |
| Orc Burrow | 4 | 640 | / | 160 |
| War Mill | 1 | 205 | / | 0 |
| Voodoo Lounge | 2 | 260 | / | 60 |
| Great Hall | 2 | 770 | / | 370 |
| Spirit Lodge | 1 | 150 | / | 150 |
| Stronghold | 1 | 315 | / | 190 |
| Fortress | 1 | 325 | / | 190 |
| total: | 18 | 2975g | / | 1350w |
| 0:05 | Altar of Storms |
| 0:08 | Orc Burrow |
| 0:09 | Peon |
| 0:14 | Peon |
| 0:27 | Peon |
| 0:56 | Peon |
| 0:59 | War Mill |
| 1:15 | Orc Burrow |
| 1:22 | Peon |
| 1:39 | Peon |
| 2:14 | Voodoo Lounge |
| 2:17 | Wind Walk |
| 2:51 | Peon |
| 2:51 | Peon |
| 2:58 | Watch Tower |
| 3:30 | Watch Tower |
| 4:13 | Watch Tower |
| 4:17 | Critical Strike |
| 4:59 | Peon |
| 4:59 | Peon |
| 5:03 | Watch Tower |
| 5:17 | Peon |
| 5:20 | Watch Tower |
| 6:11 | Great Hall |
| 6:14 | Healing Salve |
| 6:14 | Lesser Clarity Potion |
| 7:32 | Great Hall |
| 8:38 | Healing Salve |
| 8:56 | Stronghold |
| 9:47 | Critical Strike |
| 11:30 | Boots of Speed |
| 11:30 | Staff of Teleportation |
| 11:39 | Fortress |
| 13:24 | Spirit Lodge |
| 13:30 | Boots of Speed |
| 13:31 | Boots of Speed |
| 13:55 | Reinforced Defenses |
| 14:22 | Tiny Great Hall |
| 15:11 | Watch Tower |
| 15:12 | Watch Tower |
| 15:16 | Witch Doctor Adept Training |
| 16:16 | Witch Doctor Master Training |
| 17:44 | Orc Burrow |
| 17:52 | Orc Burrow |
| 18:50 | Troll Witch Doctor |
| 19:03 | Wind Walk |
| 20:55 | Critical Strike |
| 26:34 | Voodoo Lounge |
| 27:23 | Troll Witch Doctor |
| 27:23 | Troll Witch Doctor |
| 27:23 | Troll Witch Doctor |
| 27:24 | Troll Witch Doctor |
| 27:42 | Orb of Lightning |
| 28:13 | Bladestorm |
| Right click | 994 |
| Select | 152 |
| Misc. action | 85 |
| Select group | 83 |
| Build/train/purchase | 74 |
| Resource trade | 56 |
| Use ability | 12 |
| Chat | 6 |
| Item give/drop | 5 |
| Assign group | 4 |
| Remove unit | 2 |
| Esc | 2 |
| Minimap ping | 2 |
โ